 Dungeon Crawl Stone Soup version 0.22-a0-515-g75794bf (webtiles) character file.

144652 nikopol the Severer (level 16, -38/223 HPs)
             Began as a Minotaur Berserker on June 17, 2018.
             Was the Champion of Trog.
             Killed from afar by Mara (52 damage)
             ... with a bolt of fire
             ... on level 4 of the Snake Pit on June 19, 2018.
             The game lasted 01:44:35 (35841 turns).

nikopol the Severer (Minotaur Berserker)           Turns: 35841, Time: 01:44:36

Health: -38/223    AC: 24    Str: 29    XL:     16   Next: 85%
Magic:  0/24       EV: 12    Int:  4    God:    Trog [******]
Gold:   1980       SH:  0    Dex: 19    Spells: 15/15 levels left

rFire    . . .     SeeInvis +   a - +3 battleaxe (chop)
rCold    . . .     Gourm    .   (shield currently unavailable)
rNeg     + . .     Faith    .   T - +2 plate armour {MR+}
rPois    +         Spirit   +   l - +2 hat {MR+}
rElec    .         Reflect  .   n - scarf {Spirit}
rCorr    .         Harm     .   Z - +1 pair of gloves
MR       +++++     Clarity  +   f - +0 pair of boots
Stlth    ..........             L - amulet of the Four Winds {rN+ MR+++ Clar}
HPRegen  0.47/turn              g - ring of poison resistance
MPRegen  0.19/turn              P - ring "Ippomoiv" {MP+9 Dex+4 SInv}

@: berserking, very slightly contaminated, very quick
A: retaliatory headbutt, horns 2
a: Berserk, Trog's Hand, Brothers in Arms, Renounce Religion


You were on level 4 of the Snake Pit.
You worshipped Trog.
Trog was exalted by your worship.
You were near starving.

You visited 4 branches of the dungeon, and saw 27 of its levels.
You also visited: Labyrinth, Ossuary and Volcano.

You collected 3123 gold pieces.
You spent 1143 gold pieces at shops.

Inventory:

Hand Weapons
 a - a +3 battleaxe of chopping (weapon)
 z - a +6 longbow of freezing
 F - a +2 executioner's axe of freezing
Missiles
 p - 505 arrows
Armour
 f - a +0 pair of boots (worn)
 l - a +2 hat of magic resistance (worn)
 n - a scarf of spirit shield (worn)
 T - a +2 plate armour of magic resistance (worn)
 Z - a +1 pair of gloves (worn)
Jewellery
 g - a ring of poison resistance (left hand)
 q - a cursed ring of loudness {unknown}
 B - an uncursed ring of flight
 L - the amulet of the Four Winds (around neck) {rN+ MR+++ Clar}
   (You found it on level 9 of the Dungeon)

   [amulet of nothing]

   It protects you from negative energy.
   It affects your resistance to hostile enchantments.
   It protects you against confusion.
 P - the ring "Ippomoiv" (right hand) {MP+9 Dex+4 SInv}
   (You found it on level 14 of the Dungeon)

   [ring of magical power]

   It affects your dexterity (+4).
   It affects your magic capacity (+9).
   It lets you see invisible.
Wands
 x - a wand of enslavement (13)
 y - a wand of paralysis (15)
 A - a wand of flame (105)
 C - a wand of iceblast (7)
 H - a wand of digging (18)
 N - a wand of scattershot (9)
 O - a wand of clouds (5)
 V - a wand of disintegration (14)
 X - a wand of acid (22)
Scrolls
 b - 10 scrolls of teleportation
 h - 8 scrolls of fog
 r - 2 scrolls of identify
 t - 9 scrolls of remove curse
 v - 2 scrolls of blinking
 w - 2 scrolls of fear
 D - 3 scrolls of enchant weapon
 E - 6 scrolls of magic mapping
 M - a scroll of holy word
 S - a scroll of brand weapon
 Y - 4 scrolls of enchant armour
Potions
 d - 4 potions of mutation
 e - 4 potions of haste
 i - 3 potions of might
 j - 2 potions of invisibility
 k - 4 potions of lignification
 m - 3 potions of ambrosia
 o - 10 potions of curing
 s - 6 potions of heal wounds
 u - 7 potions of flight
 G - 4 potions of agility
 I - 2 potions of magic
 K - 4 potions of resistance
 Q - 3 potions of cancellation
 W - 3 potions of brilliance
Comestibles
 c - 38 rations


   Skills:
 + Level 15.5 Fighting
 * Level 20.3 Axes
 * Level 18.0 Bows
 + Level 13.4 Armour
 + Level 5.2 Dodging
 + Level 2.0 Stealth


You had 15 spell levels left.
You didn't know any spells.
Your spell library was empty.

Dungeon Overview and Level Annotations

Branches:
Dungeon (15/15)            Temple (0/1) D:7            Lair (6/6) D:9
 Shoals (0/4) Lair:2        Snake (4/4) Lair:4        Slime (0/5) Lair:5
    Orc (2/2) D:12            Elf (0/3) Orc:2        Vaults (0/5) D:14
 Depths (0/5) D:15

Altars:
Elyvilon
Fedhas
Gozag
Kikubaaqudgha
Nemelex Xobeh
Okawaru
Ru
Sif Muna
Uskayaw
Xom
Zin
Beogh

Shops:
D:5 :   D:14 =   Orc:1 (   Orc:2 ***?

Annotations:
D:6 Prince Ribbit
Snake:2 1 runed door
Snake:4 Mara


Innate Abilities, Weirdness & Mutations

You reflexively headbutt those who attack you in melee.
You have a pair of horns on your head.


Message History

You slice Mara!! Your headbutt misses Mara.
Mara is lightly wounded.
Mara hits you but does no damage.
You slice Mara!! Your headbutt misses Mara.
Mara is moderately wounded.
Mara blinks!
Mara hits you but does no damage.
Mara hits you from afar with a demon trident of freezing!!
* * * LOW HITPOINT WARNING * * *
Mara freezes you!
* * * LOW HITPOINT WARNING * * *
You hit Mara.
Mara is severely wounded.
Mara gestures.
There is a horrible, sudden wrenching feeling in your soul!
You hit Mara.
Mara is severely wounded.
Mara gestures at you. The bolt of fire hits you!
You die...

# ......(.## .
......R(. #
........##
#.......####.#
#.#####.....[#
#.####.# #R..#
# #R#.#
#.#####@#.# #
#.......#..
#.....######
##R##.# # ..
#.# # ## ###.#
###..#...#
#....#.###
#....#.#


You could see 3 Maras.

Vanquished Creatures
  Rupert (D:13)
  Gastronok (Lair:2)
  Frances (Snake:2)
  Donald (Snake:1)
  3 nagarajas (Snake:3)
  Azrael (D:12)
  A minotaur (Lab)
  The ghost of suvakkihuora the Basher, a journeyman MiAs of Fedhas (D:12)
  A yaktaur captain (D:15)
  Harold (Orc:1)
  Fannar (D:12)
  9 naga warriors
  6 hydras
  3 centaur warriors
  3 catoblepae (Lair:6)
  An ogre mage (D:15)
  18 two-headed ogres
  5 anacondas
  13 death yaks (Lair:6)
  Urug (Orc:1)
  2 naga sharpshooters
  3 shock serpents
  A hell knight (Volcano)
  A salamander mystic (Snake:3)
  A fire crab (shapeshifter) (D:14)
  4 unseen horrors
  3 sea snakes (Snake:4)
  A swamp dragon (shapeshifter) (D:14)
  3 orc knights
  2 naga ritualists
  Pikel (D:4)
  3 manticores
  3 oklob plants (Lair:3)
  3 cyclopes
  5 mana vipers
  9 ugly things
  A deep elf mage (D:14)
  4 salamanders
  24 black mambas
  A salamander (shapeshifter) (D:14)
  11 naga magi
  21 elephants
  2 molten gargoyles (Volcano)
  10 spiny frogs
  A guardian serpent (Snake:1)
  A torpor snail (Lair:3)
  A smoke demon (Volcano)
  3 gargoyles
  2 rime drakes
  8 komodo dragons
  A freezing wraith (D:15)
  A yaktaur (D:15)
  A queen bee (D:13)
  6 meliai
  2 red devils (Volcano)
  2 hornets
  A polar bear (Lair:1)
  5 trolls
  18 blink frogs
  9 dream sheep
  6 slime creatures (D:14)
  7 hippogriffs
  A snapping turtle (Lair:2)
  2 shadows
  5 wyverns
  2 vampires
  37 yaks
  3 fire elementals (D:12)
  2 wraiths
  5 fire bats
  8 hungry ghosts
  A steam dragon (D:9)
  6 basilisks
  20 nagas
  A warg (Orc:2)
  An acid dragon (D:14)
  A soldier ant (D:12)
  13 water moccasins
  3 hell hounds
  6 porcupines
  3 black bears
  34 orc warriors
  4 phantoms
  4 sky beasts
  11 ice beasts
  9 ogres
  3 necrophages
  5 wolves (Lair:3)
  22 centaurs
  8 crocodiles
  4 big kobolds
  25 bullfrogs
  An elf zombie (Ossuary)
  2 scorpions
  2 troll zombies (D:12)
  26 killer bees
  3 wights (D:15)
  4 electric eels
  2 howler monkeys (D:8)
  8 lava snakes (Volcano)
  8 crimson imps
  2 quasits
  4 jellies
  A centaur zombie (Ossuary)
  2 hounds
  6 centaur skeletons
  14 orc priests
  5 iguanas
  30 orc wizards
  Crazy Yiuf (D:6)
  A bullfrog skeleton (D:8)
  Terence (D:2)
  16 worker ants
  2 big kobold zombies (Ossuary)
  A killer bee zombie (D:4)
  4 ogre zombies (D:12)
  2 mummies (Ossuary)
  2 hound skeletons
  A worker ant zombie (D:10)
  4 gnolls (D:2)
  18 adders
  A shadow imp (D:15)
  2 oozes (D:4)
  An adder skeleton (D:9)
  2 adder zombies
  A worm (D:3)
  3 dart slugs
  The ghost of Amnesiac the Grave Robber, a weakling DENe (D:3)
  10 leopard geckos
  82 orcs
  2 giant cockroaches
  8 goblins
  5 hobgoblins
  6 jackals
  22 kobolds
  5 quokkas
  2 ball pythons
  5 bats
  7 frilled lizards
  A gnoll zombie (Ossuary)
  A goblin skeleton (D:12)
  2 goblin zombies (Ossuary)
  5 hobgoblin zombies
  A leopard gecko skeleton (D:8)
  A leopard gecko zombie (D:7)
  3 orc skeletons (D:12)
  17 orc zombies
  A quokka skeleton (D:9)
  8 rats
  4 fungi (Lair:6)
  8 plants
905 creatures vanquished.

Vanquished Creatures (others)
  An orc wizard (D:6)
  A hound skeleton (D:4)
  An orc (D:6)
  9 fungi
  7 plants
19 creatures vanquished.

Grand Total: 924 creatures vanquished

Notes
Turn   | Place    | Note
-------+----------+-------------------------------------------
     0 | D:1      | nikopol the Minotaur Berserker began the quest for the Orb.
     0 | D:1      | Reached XP level 1. HP: 19/19 MP: 0/0
   247 | D:1      | Reached XP level 2. HP: 26/27 MP: 1/1
   250 | D:1      | Reached skill level 4 in Axes
   879 | D:2      | Reached XP level 3. HP: 12/33 MP: 2/2
  1229 | D:2      | Noticed Terence
  1235 | D:2      | Killed Terence
  1263 | D:2      | Reached XP level 4. HP: 39/41 MP: 3/3
  1335 | D:2      | Reached ** piety under Trog
  1602 | D:2      | Reached skill level 5 in Axes
  1870 | D:2      | Reached XP level 5. HP: 35/47 MP: 4/4
  1974 | D:2      | Found a white marble altar of Elyvilon.
  2222 | D:2      | Found a blossoming altar of Fedhas.
  2624 | D:3      | Reached skill level 5 in Fighting
  2765 | D:3      | Reached XP level 6. HP: 56/56 MP: 5/5
  2870 | D:3      | Reached skill level 6 in Axes
  2997 | D:3      | Found a deep blue altar of Sif Muna.
  3007 | D:3      | Noticed Amnesiac's ghost (weakling DENe)
  3020 | D:3      | Killed Amnesiac's ghost
  3283 | D:4      | Found a sand-covered staircase.
  3288 | Ossuary  | Entered an ossuary
  3361 | Ossuary  | Reached *** piety under Trog
  3598 | D:4      | Reached XP level 7. HP: 56/62 MP: 6/6
  3624 | D:4      | Reached skill level 7 in Axes
  3700 | D:4      | Noticed Pikel
  3739 | D:4      | Killed Pikel
  3739 | D:4      | Reached skill level 8 in Axes
  3739 | D:4      | Reached skill level 5 in Armour
  3739 | D:4      | Reached skill level 1 in Stealth
  3836 | D:4      | Reached XP level 8. HP: 70/70 MP: 7/7
  4715 | D:5      | Entered Level 5 of the Dungeon
  4807 | D:5      | Reached skill level 9 in Axes
  4883 | D:5      | Found Ubiexyobb's Book Emporium.
  5418 | D:6      | Found a sparkling altar of Nemelex Xobeh.
  5509 | D:6      | Found an ancient bone altar of Kikubaaqudgha.
  5563 | D:6      | Found a shimmering altar of Xom.
  5566 | D:6      | Found a shimmering altar of Xom.
  5568 | D:6      | Found a shimmering altar of Xom.
  5568 | D:6      | Found a shimmering altar of Xom.
  5588 | D:6      | Found an opulent altar of Gozag.
  5598 | D:6      | Noticed Prince Ribbit
  5743 | D:6      | Found a glowing silver altar of Zin.
  5788 | D:6      | Found a sacrificial altar of Ru.
  5969 | D:6      | Found a runed door.
  5973 | D:6      | Noticed Crazy Yiuf
  5978 | D:6      | Killed Crazy Yiuf
  5982 | D:6      | Got a fine mace
  5983 | D:6      | Identified the cursed +1 mace of Gin and Tonic {drain, MR+} (You found it on level 6 of the Dungeon)
  6210 | D:7      | Reached **** piety under Trog
  6298 | D:7      | Reached skill level 10 in Axes
  6298 | D:7      | Reached XP level 9. HP: 78/80 MP: 8/8
  6324 | D:7      | Reached skill level 1 in Bows
  6716 | D:7      | Found a staircase to the Ecumenical Temple.
  6734 | D:7      | Found a hide-covered altar of Uskayaw.
  6735 | D:7      | Noticed a hand axe
  6736 | D:7      | Noticed a dagger
  7222 | D:8      | Noticed a two-headed ogre
  7233 | D:8      | Killed a two-headed ogre
  7467 | D:8      | Got a warped scale mail
  7478 | D:8      | Identified the cursed +1 scale mail of the Dwarven Hall {rElec rF+ Int-3} (You found it on level 8 of the Dungeon)
  7522 | D:8      | Noticed a two-headed ogre
  7532 | D:8      | Killed a two-headed ogre
  7532 | D:8      | Reached skill level 11 in Axes
  7532 | D:8      | Reached XP level 10. HP: 79/90 MP: 4/9
  8038 | D:8      | Found an iron altar of Okawaru.
  8279 | D:9      | Reached ***** piety under Trog
  8322 | D:9      | Found a staircase to the Lair.
  8331 | D:9      | Reached skill level 12 in Axes
  8561 | D:9      | Noticed a two-headed ogre
  8569 | D:9      | Killed a two-headed ogre
  8650 | D:9      | Noticed a white ugly thing
  8660 | D:9      | Killed a white ugly thing
  8714 | D:9      | Noticed a two-headed ogre
  8721 | D:9      | Killed a two-headed ogre
  8808 | D:9      | Noticed a two-headed ogre
  8817 | D:9      | Killed a two-headed ogre
  8817 | D:9      | Reached XP level 11. HP: 89/97 MP: 8/10
  9113 | D:9      | Found the amulet of the Four Winds {rN+ MR+++ Clar}
  9308 | D:10     | Entered Level 10 of the Dungeon
  9463 | D:10     | Noticed a two-headed ogre
  9471 | D:10     | Killed a two-headed ogre
  9471 | D:10     | Reached skill level 10 in Bows
 10351 | D:11     | Identified a scroll of acquirement
 10410 | D:11     | Noticed a two-headed ogre
 10417 | D:11     | Killed a two-headed ogre
 10430 | D:11     | Noticed a two-headed ogre
 10436 | D:11     | Killed a two-headed ogre
 10437 | D:11     | Found a labyrinth entrance.
 10484 | Lab      | Entered a labyrinth
 10667 | Lab      | Reached skill level 13 in Axes
 10676 | Lab      | Killed an unseen horror
 10967 | Lab      | Killed an unseen horror
 11082 | Lab      | Noticed a minotaur
 11094 | Lab      | Killed a minotaur
 11387 | D:11     | Reached skill level 10 in Fighting
 11727 | D:11     | Reached XP level 12. HP: 92/106 MP: 8/11
 11808 | D:11     | Paralysed by a hornet for 2 turns
 11811 | D:11     | Reached skill level 14 in Axes
 12188 | D:12     | Noticed suvakkihuora's ghost (journeyman MiAs)
 12224 | D:12     | Killed suvakkihuora's ghost
 12605 | D:12     | Found a staircase to the Orcish Mines.
 12624 | D:12     | Received a gift from Trog
 12871 | D:12     | Noticed Azrael
 12884 | D:12     | Killed Azrael
 12884 | D:12     | Reached skill level 15 in Axes
 13278 | D:12     | Reached skill level 10 in Armour
 13296 | D:12     | Noticed Fannar
 13311 | D:12     | Killed Fannar
 14100 | D:13     | Received a gift from Trog
 14199 | Lair:1   | Entered Level 1 of the Lair of Beasts
 14293 | Lair:1   | Found a dark tunnel.
 14303 | Volcano  | Entered a volcano
 14896 | Volcano  | Found a burning altar of Makhleb.
 15299 | Volcano  | Reached XP level 13. HP: 79/116 MP: 7/12
 15730 | Lair:1   | Reached skill level 16 in Axes
 16636 | Lair:2   | Noticed Gastronok
 16658 | Lair:2   | Killed Gastronok
 16761 | Lair:2   | Reached ****** piety under Trog
 16821 | Lair:2   | Received a gift from Trog
 17219 | Lair:2   | Found a staircase to the Shoals.
 17592 | Lair:3   | Reached skill level 17 in Axes
 18413 | Lair:3   | Received a gift from Trog
 18442 | Lair:3   | Got a warped glass ring
 18444 | Lair:3   | Identified the ring "Ziedgh" {Fire Str-5 Dex+5} (You acquired it on level 3 of the Lair of Beasts)
 18473 | Lair:3   | Reached XP level 14. HP: 126/126 MP: 13/13
 19663 | Lair:4   | Found a staircase to the Snake Pit.
 20643 | Lair:5   | Reached skill level 5 in Dodging
 21046 | Lair:5   | Found a staircase to the Slime Pits.
 21565 | Lair:6   | Entered Level 6 of the Lair of Beasts
 21755 | Lair:6   | Reached skill level 18 in Axes
 21770 | Lair:6   | Received a gift from Trog
 22932 | Lair:6   | HP: 6/129 [death yak (10)]
 22933 | Lair:6   | HP: 1/129 [death yak (5)]
 23486 | Lair:6   | Reached XP level 15. HP: 106/136 MP: 11/14
 24051 | Orc:1    | Entered Level 1 of the Orcish Mines
 24107 | Orc:1    | Found Onat's Weapon Shoppe.
 24161 | Orc:1    | Found a roughly hewn altar of Beogh.
 24197 | Orc:1    | Noticed Urug
 24208 | Orc:1    | Killed Urug
 24208 | Orc:1    | Reached skill level 19 in Axes
 24424 | Orc:2    | Entered Level 2 of the Orcish Mines
 24447 | Orc:2    | Received a gift from Trog
 24456 | Orc:2    | Found a staircase to the Elven Halls.
 24627 | Orc:2    | Received a gift from Trog
 24674 | Orc:2    | Reached skill level 15 in Bows
 25533 | Orc:2    | Found Qegol's Assorted Antiques.
 25533 | Orc:2    | Found Ruestreus's Assorted Antiques.
 25539 | Orc:2    | Found Jeanoup's Assorted Antiques.
 25541 | Orc:2    | Found Mouqifig's Magic Scroll Boutique.
 25545 | Orc:2    | Bought a scroll of blinking for 240 gold pieces
 25546 | Orc:2    | Bought a potion of heal wounds for 175 gold pieces
 25625 | Orc:2    | Received a gift from Trog
 25699 | Orc:2    | Found Jeuja's Magic Scroll Emporium.
 25718 | Orc:2    | Bought a scroll of acquirement for 728 gold pieces
 25725 | Orc:2    | Got a distressingly furry shield
 25888 | Orc:1    | Noticed Harold
 25902 | Orc:1    | Killed Harold
 26250 | D:13     | Got an iridescent war axe
 26251 | D:13     | Identified the +6 war axe of Descent {freeze, Int+3 Dex+2} (You found it on level 13 of the Dungeon)
 26341 | D:13     | Noticed Rupert
 26353 | D:13     | Killed Rupert
 26899 | D:13     | Received a gift from Trog
 27502 | D:14     | Found a gate to the Vaults.
 28007 | D:14     | Got a shimmering copper ring
 28009 | D:14     | Identified the ring "Ippomoiv" {MP+9 Dex+4 SInv} (You found it on level 14 of the Dungeon)
 28053 | D:14     | You fall through a shaft!
 28053 | D:15     | Entered Level 15 of the Dungeon
 28212 | D:14     | Received a gift from Trog
 28285 | D:14     | Found Purait's Jewellery Shop.
 28921 | D:15     | Received a gift from Trog
 30221 | D:15     | Found a sacrificial altar of Ru.
 30270 | D:15     | Found a staircase to the Depths.
 30588 | Snake:1  | Entered Level 1 of the Snake Pit
 30595 | Snake:1  | Reached XP level 16. HP: 129/147 MP: 15/15
 31084 | Snake:1  | Reached skill level 20 in Axes
 31140 | Snake:1  | Noticed Donald
 31156 | Snake:1  | Killed Donald
 32004 | Snake:2  | Found a runed door.
 32414 | Snake:2  | Noticed Frances
 32554 | Snake:2  | Reached skill level 15 in Fighting
 33218 | Snake:2  | Killed Frances
 33804 | Snake:3  | Received a gift from Trog
 33914 | Snake:3  | Found an opulent altar of Gozag.
 34596 | Snake:3  | Upgraded the game from 0.22-a0-482-g76e0a5f to 0.22-a0-515-g75794bf
 35159 | Snake:4  | Entered Level 4 of the Snake Pit
 35280 | Snake:4  | Received a gift from Trog
 35817 | Snake:4  | Noticed Mara
 35841 | Snake:4  | Killed from afar by Mara

Vault maps used:
D:1:      nagdon_arrival_double_spiral, minivault_27
D:2:      marbit_many_paths, fedhas_altar_fruit_tree, uniq_terence
D:3:      lemuel_round_altar, first_ration
D:4:      nicolae_ossuary_entry_false_entrances, uniq_pikel
D:5:      serial_shops, kennysheep_mini_moat
D:6:      old_standard_altar, zin_statuary, lemuel_round_altar,
          lemuel_round_altar, old_standard_altar, xom_redecorated,
          nicolae_underground_beach, uniq_crazy_yiuf_cottage,
          uniq_prince_ribbit1
D:7:      dancing_weapons_uskayaw, minmay_temple_entry_glassed_door
D:8:      overflow_temple_1_default
D:9:      david_lair_generic
D:11:     lab_entry_generic, portal_ice_cave_entry_ice_beasts, grunt_ogre_cave
D:12:     zombieorc1_lemuel, kennysheep_generic_room_2, uniq_fannar, uniq_azrael
D:13:     uniq_rupert
D:14:     david_vaults_2, serial_shops, shop_fountains, grunt_decor_mini_mirrors
D:15:     grunt_enter_depths_snipers, nicolae_ru_the_path_less_chosen,
          minmay_crystal_room
Lair:1:   nicolae_volcano_entry_batcave, grunt_megastairs_4,
          serial_bayou_shore_b
Lair:2:   minmay_shoals_entry_hut, infiniplex_staircase_pool, uniq_gastronok
Lair:3:   minivault_24, minmay_lair_oklob_chamber
Lair:4:   guppyfry_snake_entry_garden
Lair:5:   slime_dummy
Lair:6:   evilmike_catoblepas_cave
Snake:1:  uniq_donald
Snake:2:  cheibrodos_toxic_ritual, uniq_frances
Snake:3:  basic_altar
Snake:4:  johnstein_snake_rune_scales, serial_bayou_lagoon_b,
          basic_stair_grate_trap, grunt_megastairs_1, uniq_mara
Orc:1:    serial_shops, nicolae_shop_waterfront, mines2_david, uniq_urug,
          uniq_harold
Orc:2:    st_orc_rangers, serial_shops, shop_statue
Lab:      nicolae_lab_hexagon, nicolae_lab_statue, labyrinth_skeletal_remains,
          nicolae_lab_grate, nicolae_lab_starburst, nicolae_lab_stuck,
          nicolae_lab_blocks, labyrinth_glass_1
Ossuary:  minmay_ossuary_gauntlet
Volcano:  volcano_lake

Skill      XL: |  1  2  3  4  5  6  7  8  9 10 11 12 13 14 15 16 |
---------------+-------------------------------------------------+-----
Axes           | 4 5 6 8 10 11 12 13 15 17 18 19 20 | 20.3
Fighting       | 4 5 6 7 8 9 10 11 12 13 14 15 | 15.5
Armour         | 3 4 5 7 8 9 10 11 12 13 | 13.4
Dodging        | 3 4 5 |  5.2
Stealth        | 1 2 |  2.0
Bows           | 7 9 11 12 13 14 16 18 | 18.0

Action                   |  1- 3 |  4- 6 |  7- 9 | 10-12 | 13-15 | 16-18 || total
-------------------------+-------+-------+-------+-------+-------+-------++-------
Melee: Hand axe          |    55 |   177 |   186 |       |       |       ||   418
       Headbutt          |    10 |    33 |    46 |    84 |   153 |    40 ||   366
       Battleaxe         |       |       |    54 |   366 |   586 |   160 ||  1166
       Shortbow          |       |       |       |     2 |       |       ||     2
 Fire: Shortbow          |       |       |    80 |   372 |   786 |       ||  1238
       Longbow           |       |       |       |       |   229 |   245 ||   474
Invok: Berserk           |     1 |     2 |     4 |     8 |     6 |     3 ||    24
  Use: Scroll            |       |     6 |     5 |    13 |    17 |     4 ||    45
       Potion            |       |       |       |       |     2 |     1 ||     3
 Stab: Petrifying        |       |       |       |       |     1 |       ||     1
  Eat: Chunk             |     2 |     9 |    16 |    23 |    36 |     5 ||    91
       Ration            |       |       |     1 |     5 |     5 |     3 ||    14
Armor: Animal skin       |     5 |       |       |       |       |       ||     5
       Chain mail        |     1 |    89 |    55 |       |       |       ||   145
       Plate armour      |       |       |    71 |       |   418 |   104 ||   593
       Scale mail        |       |       |       |   169 |       |       ||   169
Dodge: Dodged            |    41 |    68 |    81 |   227 |   254 |    63 ||   734

Table legend:
 A = Spawn XP
 B = Non-spawn XP
 C = Spawn XP percentage of total XP
 D = Spawn monster count
 E = Non-spawn monster count
 F = Spawn count percentage of total count
 G = Total turns spent on level
                    A         B        C        D         E        F      G
               +---------+---------+-------+---------+---------+-------+---------
         Total |       0 |  206646 |   0.0 |       0 |     893 |   0.0 | 35841
               +---------+---------+-------+---------+---------+-------+---------
           D:1 |       0 |      32 |   0.0 |       0 |      20 |   0.0 |   863
           D:2 |       0 |     185 |   0.0 |       0 |      29 |   0.0 |  1408
           D:3 |       0 |     193 |   0.0 |       0 |      30 |   0.0 |  1000
           D:4 |       0 |    1169 |   0.0 |       0 |      27 |   0.0 |  1246
           D:5 |       0 |     382 |   0.0 |       0 |       8 |   0.0 |   595
           D:6 |       0 |     348 |   0.0 |       0 |      11 |   0.0 |   888
           D:7 |       0 |    1353 |   0.0 |       0 |      31 |   0.0 |  1018
           D:8 |       0 |    3361 |   0.0 |       0 |      39 |   0.0 |  1057
           D:9 |       0 |    5133 |   0.0 |       0 |      23 |   0.0 |  1107
          D:10 |       0 |    1963 |   0.0 |       0 |      21 |   0.0 |  1080
          D:11 |       0 |    5482 |   0.0 |       0 |      27 |   0.0 |  1120
          D:12 |       0 |   10224 |   0.0 |       0 |      73 |   0.0 |  2095
          D:13 |       0 |   11939 |   0.0 |       0 |      65 |   0.0 |  1251
          D:14 |       0 |   12509 |   0.0 |       0 |      41 |   0.0 |  1507
          D:15 |       0 |   16036 |   0.0 |       0 |      40 |   0.0 |  1632
        Lair:1 |       0 |    6833 |   0.0 |       0 |      30 |   0.0 |  1146
        Lair:2 |       0 |    7659 |   0.0 |       0 |      18 |   0.0 |   790
        Lair:3 |       0 |   14440 |   0.0 |       0 |      48 |   0.0 |  2273
        Lair:4 |       0 |    5082 |   0.0 |       0 |      19 |   0.0 |  1012
        Lair:5 |       0 |    7001 |   0.0 |       0 |      20 |   0.0 |  1263
        Lair:6 |       0 |   25055 |   0.0 |       0 |      55 |   0.0 |  2018
       Snake:1 |       0 |   12223 |   0.0 |       0 |      22 |   0.0 |  1169
       Snake:2 |       0 |   14989 |   0.0 |       0 |      24 |   0.0 |  1790
       Snake:3 |       0 |   16603 |   0.0 |       0 |      23 |   0.0 |  1612
       Snake:4 |       0 |    9628 |   0.0 |       0 |      20 |   0.0 |   682
         Orc:1 |       0 |    2288 |   0.0 |       0 |      13 |   0.0 |   513
         Orc:2 |       0 |    7066 |   0.0 |       0 |      75 |   0.0 |  1496
           Lab |       0 |    3442 |   0.0 |       0 |       7 |   0.0 |   677
       Ossuary |       0 |     233 |   0.0 |       0 |      16 |   0.0 |   198
       Volcano |       0 |    3795 |   0.0 |       0 |      18 |   0.0 |  1335
               +---------+---------+-------+---------+---------+-------+---------
